 Dungeon Crawl Stone Soup version 0.30-b1-2-g02819fbbbe (webtiles) character file.

Game seed: 5389340806053303034

10 Alarkh the Insei (level 2, 24/24 HPs)
             Began as a Demonspawn Chaos Knight on May 21, 2023.
             Was a Plaything of Xom.
             Got out of the dungeon alive.
             The game lasted 00:01:00 (615 turns).

Alarkh the Insei (Demonspawn Chaos Knight)           Turns: 615, Time: 00:01:01

Health: 24/24      AC:  7    Str: 12    XL:     2   Next: 10%
Magic:  2/2        EV: 11    Int: 13    God:    Xom [...*..]
Gold:   19         SH:  0    Dex: 12    Spells: 1/1 levels left

rFire   . .          .
                       - Unarmed
rCold   . . .        (no shield)
rNeg    . . .        a - +2 leather armour
rPois   .            (no helmet)
rElec   .            (no cloak)
rCorr   .            (no gloves)
SInv    .            (no boots)
Will    .....        (no amulet)
Stlth   +            (no ring)
HPRegen 0.24/turn    (no ring)
MPRegen 0.08/turn

%: no passive effects
@: no status effects
A: thin metallic scales 1
a: Renounce Religion


You escaped.
You worshipped Xom.
You were a favourite toy of Xom.
You visited 1 branch of the dungeon, and saw 2 of its levels.

You collected 19 gold pieces.

Inventory:

Armour
 a - a +2 leather armour (worn)
Jewellery
 g - a +6 ring of intelligence
Scrolls
 d - a scroll of amnesia {unknown}
 e - a scroll of vulnerability {unknown}
 i - a scroll of magic mapping {unknown}
 k - a scroll of enchant armour {unknown}
 l - 2 scrolls of enchant weapon {unknown}
 r - a scroll of identify
Potions
 c - a potion of flight
 f - a potion of attraction
 h - a potion of curing {unknown}
 j - a potion of mutation {unknown}
 m - 2 potions of brilliance {unknown}
Miscellaneous
 b - a piece from Xom's chessboard (8/15) (quivered)


   Skills:
 - Level 3.0 Fighting
 - Level 1.7 Armour
 - Level 0.8 Dodging
 + Level 3.3 Unarmed Combat


You had one spell level left.
You didn't know any spells.
Your spell library contained the following spells:

 Spells                   Type           Power      Damage    Failure   Level
 Summon Small Mammal      Summ           0%         N/A       36%         1
 Call Canine Familiar     Summ           0%         N/A       75%         3
 Summon Guardian Golem    Hex/Summ       0%         N/A       75%         3


Dungeon Overview and Level Annotations

Branches:
Dungeon (2/15)

Altars:


Innate Abilities, Weirdness & Mutations

You are partially covered in thin metallic scales. (AC +2)


Message History

Found 5 stones.
You make a move on Xom's chessboard...
The worm seems to slow down.
You make a move on Xom's chessboard...
The worm is outlined in light.
You make a move on Xom's chessboard...
The worm suddenly stops moving!
The helpless worm fails to defend itself.
You hit the worm.
The worm is moderately wounded.
The helpless worm fails to defend itself.
You hit the worm.
The worm is heavily wounded.
The helpless worm fails to defend itself.
You hit the worm.
The worm is severely wounded.
The helpless worm fails to defend itself.
You hit the worm but do no damage.
The worm is severely wounded.
The worm is no longer paralysed.
The worm bites you.
You hit the worm.
The worm is almost dead.
You hit the worm.
The worm is almost dead.
The worm closely misses you.
You hit the worm. You punch the worm.
You kill the worm!
You have reached level 2!
Your demonic ancestry asserts itself...
Thin metallic scales grow over part of your body.
Xom is interested.
(D) Dungeon
Where to? (Enter - D:2, ? - help)
There is a stone staircase leading up here.
You climb upwards.
There is a stone staircase leading down here.
Unknown command.
HP restored.
You see here a +0 short sword.
There is an open door here.
There is a staircase leading out of the dungeon here.
Are you sure you want to leave the Dungeon?
This will make you lose the game!
You have escaped!

#... #... #... ##..
#############.
#.......#..#).
######..####.#..#..
#....#..#..#.#..#..
#.@..'..#..'.#.....
#....#..####.#..#.#
######..#....####.#
##...##......#
#############


There were no monsters in sight!

Vanquished Creatures
  A worm (D:2)
  A bat (D:1)
  A giant cockroach (D:2)
  A goblin (D:1)
  A kobold (D:2)
  A ball python (D:1)
  A rat (D:1)
7 creatures vanquished.

Notes
Turn   | Place    | Note
-------+----------+-------------------------------------------
     0 | D:1      | Alarkh the Demonspawn Chaos Knight began the quest for the
                  | Orb.
     0 | D:1      | Reached XP level 1. HP: 18/18 MP: 1/1
   191 | D:1      | XOM: cloud trail
   468 | D:2      | XOM: silly message
   500 | D:2      | XOM: noise
   554 | D:2      | Gained mutation: You are partially covered in thin metallic
                  | scales. (AC +2) [demonic ancestry]
   554 | D:2      | Reached XP level 2. HP: 20/24 MP: 2/2
   615 | D:$      | Got out of the dungeon alive.

Illustrated notes

Levels and vault maps discovered:
D:1:      dpeg_arrival_erosion, layout_rooms
D:2:      minmay_recursive_quarters, layout_basic, basic_ecumenical_altar,
          kennysheep_decorative_pillar, minmay_worlds_worst_comb

Skill      XL: |  1 |
---------------+----+-----
Unarmed Combat | 3 |  3.3
Fighting       | |  3.0
Armour         | |  1.7
Dodging        | |  0.8

Action                     || total
---------------------------++-------
  Melee: Unarmed           ||    40
         Punch             ||     1
  Evoke: Piece from Xom's  ||     7
    Use: Scroll            ||     2
   Stab: Paralysed         ||    11
 Armour: Leather armour    ||     5
  Dodge: Dodged            ||    15
